 Dungeon Crawl Stone Soup version 0.31.0-32-g396128a36d (webtiles) character file.

Game seed: 10755728851824543292

611 Dvallin the Changeling (level 7, -7/57 HPs)
             Began as a Naga Shapeshifter on Mar 31, 2024.
             Was an Initiate of Makhleb.
             Mangled by a gnoll
             ... wielding a +0 spear
             ... led by a gnoll bouda
              (9 damage)
             ... on level 4 of the Dungeon.
             The game lasted 00:05:35 (2997 turns).

Dvallin the Changeling (Naga Shapeshifter)          Turns: 2997, Time: 00:05:35

Health: -7/57      AC:  2    Str: 19    XL:     7   Next: 44%
Magic:  7/7        EV: 13    Int: 10    God:    Makhleb [......]
Gold:   179        SH:  0    Dex: 10    Spells: 6/6 levels left

rFire   . .          .
                       - Unarmed
rCold   . . .        (shield currently unavailable)
rNeg    . . .        a - melded +0 animal skin
rPois   +            (no helmet)
rElec   .            (no cloak)
rCorr   .            (no gloves)
SInv    +            (no barding)
Will    .....        (no amulet)
Stlth   +            (no ring)
HPRegen 0.29/turn    (no ring)
MPRegen 0.10/turn

%: no passive effects
@: flux-form, on berserk cooldown, slowed, glowing, very slow
A: glow, contaminating, AC +2, large, see invisible, deformed body, poison
resistance, slowness 2, spit poison 1, naga tail 1
a: Spit Poison, Begin Untransformation, Renounce Religion


You were on level 4 of the Dungeon.
You worshipped Makhleb.
Makhleb was noncommittal.
You were something dangerously unstable.
You visited 2 branches of the dungeon, and saw 5 of its levels.

You collected 179 gold pieces.

Inventory:

Armour
 a - a +0 animal skin (melded)
Talismans
 c - a beast talisman
 d - a flux talisman (active)
Scrolls
 b - 2 scrolls of amnesia {unknown}
 e - 3 scrolls of immolation {unknown}
 f - 3 scrolls of identify {unknown}
 g - a scroll of teleportation {unknown}
 i - a scroll of poison {unknown}
 j - a scroll of fog {unknown}
 l - a scroll of vulnerability {unknown}
Potions
 m - a potion of curing {unknown}


   Skills:
 - Level 1.0 Fighting
 - Level 1.5 Dodging
 + Level 4.7 Unarmed Combat
 - Level 7.0 Shapeshifting


You had 6 spell levels left.
You didn't know any spells.
Your spell library contained the following spells:

 Spells                   Type           Power      Damage    Failure   Level
 Apportation              Tloc           0%         N/A       36%         1
 Necrotise                Necr           0%         1d4       36%         1
 Slow                     Hex            0%         N/A       36%         1
 Sting                    Conj/Alch      0%         1d3       36%         1
 Summon Small Mammal      Summ           0%         N/A       36%         1
 Hailstorm                Conj/Ice       0%         3d5       75%         3
 Mephitic Cloud           Conj/Alch/Air  0%         N/A       75%         3
 Summon Ice Beast         Ice/Summ       0%         N/A       75%         3
 Tukima's Dance           Hex            0%         N/A       75%         3
 Metabolic Englaciation   Hex/Ice        0%         N/A       100%        5
 Sculpt Simulacrum        Ice/Alch       0%         N/A       100%        6
 Maxwell's Capacitive Co  Air            0%         ∞         100%        8


Dungeon Overview and Level Annotations

Branches:
Dungeon (4/15)             Temple (1/1) D:4

Altars:
Elyvilon
Kikubaaqudgha
Makhleb
Okawaru
Sif Muna
Trog
Uskayaw
Vehumet
Yredelemnul
The Shining One

Shops:
D:1 *   D:2 (


Innate Abilities, Weirdness & Mutations

You are something dangerously unstable.
You glow with magical radiation, making you easy to see and hit.
Foes you strike become dangerously contaminated with magical radiation.
You are incapable of wielding weapons or throwing items.
Your serpentine skin is tough. (AC +2)
You have supernaturally acute eyesight. (SInv)
Armour fits poorly on your strangely shaped body.
Your system is resistant to poisons. (rPois)
You cover ground very slowly.
You can spit poison.
You have a snake-like lower body.


Message History

The gnoll bouda is moderately wounded.
You hit the gnoll bouda.
The gnoll bouda begins to glow.
The gnoll bouda is heavily wounded.
The gnoll hits you from afar with a +0 spear!
The gnoll bouda barks out a call to the hunt!
You hit the gnoll bouda.
The gnoll bouda glows dangerously bright.
The gnoll bouda is almost dead.
The gnoll closely misses you. The gnoll bouda barely misses you.
You barely miss the gnoll bouda.
The gnoll bouda is almost dead.
Your attacks no longer feel as feeble.
You punch the gnoll bouda!
You kill the gnoll bouda!
Makhleb accepts your kill. The gnoll barely misses you.
You hit the gnoll.
The gnoll begins to glow.
The gnoll is heavily wounded.
The gnoll hits you with a +0 whip.
* * * LOW HITPOINT WARNING * * *
The gnoll closely misses you.
You punch the gnoll!
You kill the gnoll!
Makhleb accepts your kill.
You are no longer berserk.
You are exhausted.
You feel yourself slow down.
The gnoll is no longer moving quickly.
The gnoll hits you with a +0 spear.
* * * LOW HITPOINT WARNING * * *
Items here: )) [ ††.
You hit the gnoll.
The gnoll begins to glow.
The gnoll is heavily wounded.
The gnoll hits you with a +0 spear!
* * * LOW HITPOINT WARNING * * *
The gnoll closely misses you. The gnoll barely misses you.
The gnoll closely misses you.
You hit the gnoll.
The gnoll glows dangerously bright.
The gnoll is heavily wounded.
The gnoll hits you with a +0 spear!
You die...

#.# #.# ### ... ..#
#.# ..# #.#
..####### #)#
........# #.#
.##.#############.##
.##.............pg.#
.################g.#
.# #gg†..# .#
#..###.# .# #g .# .#
#. .# .# .. .# ... .
.# .#... .#


You could see 2 gnolls.

Vanquished Creatures
  Grinder (D:3)
  A scorpion (D:4)
  A gnoll bouda (D:4)
  An orc priest (D:4)
  2 iguanas (D:4)
  Natasha (thrice) (D:2)
  2 orc wizards (D:3)
  5 adders
  A gnoll (D:4)
  A ribbon worm (D:3)
  5 orcs (D:3)
  6 bats
  3 endoplasms
  5 giant cockroaches
  5 goblins
  4 hobgoblins
  2 jackals (D:2)
  3 quokkas
  5 ball pythons
  2 frilled lizards
  3 kobolds
  8 rats
69 creatures vanquished.

Vanquished Creatures (others)
  An orc wizard (D:3)
1 creature vanquished.

Grand Total: 70 creatures vanquished

Notes
Turn   | Place    | Note
-------+----------+-------------------------------------------
     0 | D:1      | Dvallin the Naga Shapeshifter began the quest for the Orb.
     0 | D:1      | Reached XP level 1. HP: 18/18 MP: 1/1
   236 | D:1      | Reached XP level 2. HP: 25/25 MP: 2/2
   300 | D:1      | Found Liowui's Assorted Antiques.
  1007 | D:2      | Reached skill level 4 in Shapeshifting
  1007 | D:2      | Reached XP level 3. HP: 14/31 MP: 3/3
  1146 | D:2      | Found Letis's Antique Weapon Emporium.
  1204 | D:2      | Noticed Natasha
  1211 | D:2      | Killed Natasha
  1212 | D:2      | Reached XP level 4. HP: 38/38 MP: 4/4
  1403 | D:2      | Noticed Natasha
  1411 | D:2      | Killed Natasha
  1653 | D:2      | Noticed Natasha
  1660 | D:2      | Killed Natasha
  1661 | D:2      | Reached skill level 5 in Shapeshifting
  1661 | D:2      | Reached XP level 5. HP: 36/44 MP: 5/5
  1782 | D:3      | Got the Book of the Cursed Tempest
  1880 | D:3      | Noticed Grinder
  1900 | D:3      | Killed Grinder
  1901 | D:3      | Reached skill level 6 in Shapeshifting
  1901 | D:3      | Reached XP level 6. HP: 21/51 MP: 6/6
  2177 | D:3      | Reached skill level 7 in Shapeshifting
  2407 | D:3      | Noticed a moth of wrath
  2410 | D:3      | Found a bloodstained altar of Trog.
  2444 | D:3      | Reached XP level 7. HP: 17/57 MP: 7/7
  2648 | D:4      | Found an ancient bone altar of Kikubaaqudgha.
  2735 | D:4      | Found a staircase to the Ecumenical Temple.
  2752 | Temple   | Entered the Ecumenical Temple
  2767 | Temple   | Became a worshipper of Makhleb the Destroyer
  2996 | D:4      | HP: 2/57 [gnoll/+0 spear[a gnoll bouda] (8)]
  2997 | D:4      | Mangled by a gnoll

Illustrated notes

Levels and vault maps discovered:
D:1:      amcnicky_arrival_feature_with_door, layout_basic, serial_shops, shop
D:2:      layout_loops_ring, serial_shops, shop, hangedman_decor_lopped,
          uniq_natasha
D:3:      layout_rooms, tgw_trog, uniq_grinder
D:4:      layout_basic, grunt_temple_overflow_gold_and_silver,
          kennysheep_little_box, mainiacjoe_overflow_cross_hatched,
          minmay_temple_entry_proselytizer
Temple:   hellmonk_temple_of_storms

Skill      XL: |  1  2  3  4  5  6  7 |
---------------+----------------------+-----
Shapeshifting  | 4 5 6 7 |  7.0
Unarmed Combat | 4 |  4.7
Fighting       | |  1.0
Dodging        | |  1.5

Action                     |  1- 3 |  4- 6 |  7- 9 || total
---------------------------+-------+-------+-------++-------
  Melee: Unarmed           |    47 |   110 |    42 ||   199
         Punch             |     1 |     2 |       ||     3
Ability: Spit Poison       |    17 |    19 |     6 ||    42
    Use: Potion            |     1 |     2 |     2 ||     5
 Armour: Animal skin       |    26 |    46 |       ||    72
         Skin              |    11 |    35 |    25 ||    71
  Dodge: Dodged            |    14 |    79 |    24 ||   117
   Form: Flux              |       |     1 |       ||     1
